 Dungeon Sprint DCSS version 0.30-a0-170-g85af917532 (webtiles) character file.

Game seed: 7759162806448163026

3327 rocky1 the Impaler (level 9, -4/91 HPs)
             Began as a Black Draconian Monk on Oct 1, 2022.
             Was the Champion of Cheibriados.
             Slain by Erica
             ... wielding a +0 scimitar of flaming
              (8 damage)
             ... in the Dungeon (Sprint VII: "The Pits").
             The game lasted 00:06:06 (963 turns).

rocky1 the Impaler (Black Draconian Monk)            Turns: 963, Time: 00:06:07

Health: -4/91      AC:  8    Str: 29    XL:     9   Next: 71%
Magic:  12/17      EV: 16    Int: 30    God:    Cheibriados [******]
Gold:   0          SH:  0    Dex: 28    Spells: 14/14 levels left

rFire   . . .      SeeInvis .    p - +2 halberd (venom)
rCold   . . .      Faith    .    (shield currently unavailable)
rNeg    . . .      Spirit   .    (body armour unavailable)
rPois   .          Reflect  .    (helmet restricted)
rElec   +          Harm     .    q - +0 cloak
rCorr   .          Rampage  .    (no gloves)
Will    .....      NoTele   +    (no boots)
Stlth   +++.......               (no amulet)
HPRegen 0.25/turn                (no ring)
MPRegen 0.15/turn                (no ring)

@: weak-willed, very slow
A: breathe lightning, AC +7, unfitting armour, electricity resistance,
cold-blooded
a: Breathe Lightning, Renounce Religion, Bend Time, Temporal Distortion, Slouch,
Step From Time


You were in the Dungeon.
You worshipped Cheibriados.
Cheibriados was exalted by your worship.
You visited 1 branch

Inventory:

Hand Weapons
 m - a +1 vorpal trident
 p - a +2 halberd of venom (weapon)
 r - a +2 scimitar of flaming
Armour
 q - a +0 cloak (worn)
Jewellery
 a - a +3 ring of strength
 e - a +3 ring of evasion
Scrolls
 h - a scroll of blinking
 k - 5 scrolls of amnesia
 l - a scroll of summoning
Potions
 b - a potion of ambrosia
 c - 7 potions of curing
 d - 8 potions of heal wounds
 f - 4 potions of magic
 g - 2 potions of berserk rage
 i - a potion of brilliance
 j - 2 potions of invisibility
 n - a potion of might
 o - a potion of resistance


   Skills:
 + Level 12.4 Fighting
 * Level 15.8 Polearms
 - Level 4.4 Dodging
 - Level 4.2 Stealth
 - Level 3.3 Spellcasting
 + Level 11.2 Invocations


You had 14 spell levels left.
You didn't know any spells.
Your spell library was empty.

Dungeon Overview and Level Annotations

Branches:
Dungeon (1/1)

Altars:
Ashenzari
Cheibriados
Dithmenos
Elyvilon
Fedhas
Gozag
Hepliaklqana
Kikubaaqudgha
Makhleb
Nemelex Xobeh
Okawaru
Qazlal
Ru
Sif Muna
Trog
Uskayaw
Vehumet
Wu Jian
Xom
Yredelemnul
Zin
The Shining One
Jiyva
Lugonu

Annotations:
D Erica


Innate Abilities, Weirdness & Mutations

You can breathe wild blasts of lightning.
Your glossy black scales are hard. (AC +7)
You cannot fit into any form of body armour.
You are resistant to electric shocks. (rElec)
You are cold-blooded and may be slowed by cold attacks.


Message History

You barely miss Erica. You tail-slap Erica, but do no damage.
The phantasmal warrior hits you but does no damage.
Erica hits you with a +0 scimitar of flaming!
Erica burns you.
You closely miss Erica. You tail-slap Erica.
Erica is lightly wounded.
The frilled lizard attacks as you move away!
The frilled lizard barely misses you. Erica attacks as you move away!
Erica hits you with a +0 scimitar of flaming!
Erica burns you.
The phantasmal warrior attacks as you move away!
The phantasmal warrior barely misses you.
You feel less confused. The phantasmal warrior gestures at you.
The phantasmal warrior blinks!
The phantasmal warrior gestures at you.
The phantasmal warrior blinks!
Erica casts a spell.
Erica flickers and vanishes!
Deactivating autopickup; reactivate with Ctrl-A.
The frilled lizard misses you.
You slice something!!
You hear some strange, mumbled words.
A bolt of poison appears from out of thin air!
The bolt of poison hits you!
You are poisoned.
The phantasmal warrior hits you!
Your willpower is stripped away!
The frilled lizard misses you.
Activating: Slouch (1% risk of failure)
Press: ? - help, Dir - look around, f - activate You can feel time thicken for a moment.
You kill the frilled lizard!
Cheibriados appreciates the change of pace.
You feel very sick. Something hits you but does no damage.
The phantasmal warrior hits you!!
* * * LOW HITPOINT WARNING * * *
You feel better. The phantasmal warrior hits you!!
* * * LOW HITPOINT WARNING * * *
Something hits you!
You die...

..)..#####'#####''######
###+###.......##))######
.....##.......##).......
.....##.......##).........+
#'#####...<...##..#####...#
)))..##.......##..')..#...
).)..##.......##..#...#..
#######.......##..#...#.#
..#).###########@W#####.+
..#)############{†......#
..#)#....#!.[[##......†.#
.##[#....#..[.###'###...#
..#.'..).'..))# ... +...#+###.
..#)#....#...)##....#.........
..')#....#.!).##....#.........
##############################


You could see a phantasmal warrior.

Vanquished Creatures
  Erolcha (D)
  A two-headed ogre (D)
  A vampire mage (D)
  A shadow wraith (D)
  A fire bat (D)
  An acid dragon (D)
  A floating eye (D)
  A sky beast (D)
  3 ogres (D)
  2 bullfrogs (D)
  3 orc priests (D)
  A hound (D)
  A gnoll bouda (D)
  Jessica (D)
  3 gnolls (D)
  An adder skeleton (D)
  2 orcs (D)
  A giant cockroach (D)
  4 jackals (D)
  3 quokkas (D)
  A ball python zombie (D)
  A frilled lizard (D)
  2 goblins (D)
  A kobold (D)
38 creatures vanquished.

Notes
Turn   | Place    | Note
-------+----------+-------------------------------------------
     0 | D        | rocky1 the Draconian Monk began the quest for the Orb.
     0 | D        | Reached XP level 1. HP: 19/19 MP: 1/1
    11 | D        | Noticed a floating eye
    14 | D        | Killed a floating eye
    15 | D        | Reached skill level 5 in Fighting
    15 | D        | Reached skill level 4 in Polearms
    15 | D        | Reached XP level 2. HP: 29/29 MP: 1/6
    15 | D        | Reached XP level 3. HP: 36/36 MP: 1/7
    15 | D        | Reached XP level 4. HP: 42/42 MP: 1/8
    46 | D        | Found a bloodstained altar of Trog.
    46 | D        | Found a shimmering blue altar of Sif Muna.
    46 | D        | Found a viscous altar of Jiyva.
    46 | D        | Found a hazy altar of Hepliaklqana.
    46 | D        | Found an opulent altar of Gozag.
    47 | D        | Found a glowing golden altar of the Shining One.
    47 | D        | Found a glowing silver altar of Zin.
    47 | D        | Found a basalt altar of Yredelemnul.
    47 | D        | Found a shimmering altar of Xom.
    47 | D        | Found an ornate altar of the Wu Jian Council.
    47 | D        | Found a sacrificial altar of Ru.
    47 | D        | Found a stormy altar of Qazlal.
    47 | D        | Found an iron altar of Okawaru.
    47 | D        | Found a sparkling altar of Nemelex Xobeh.
    47 | D        | Found a burning altar of Makhleb.
    47 | D        | Found a blossoming altar of Fedhas.
    47 | D        | Found a white marble altar of Elyvilon.
    47 | D        | Found a shadowy altar of Dithmenos.
    47 | D        | Found a snail-covered altar of Cheibriados.
    49 | D        | Found a radiant altar of Vehumet.
    49 | D        | Found a corrupted altar of Lugonu.
    50 | D        | Found a hide-covered altar of Uskayaw.
    50 | D        | Found an ancient bone altar of Kikubaaqudgha.
    50 | D        | Found a broken altar of Ashenzari.
    58 | D        | Became a worshipper of Cheibriados the Contemplative
    58 | D        | Reached * piety under Cheibriados
    58 | D        | Reached ** piety under Cheibriados
    78 | D        | Reached skill level 5 in Polearms
    89 | D        | Reached *** piety under Cheibriados
   100 | D        | Reached **** piety under Cheibriados
   109 | D        | Reached skill level 6 in Polearms
   109 | D        | Reached XP level 5. HP: 43/48 MP: 9/9
   112 | D        | Reached ***** piety under Cheibriados
   170 | D        | Noticed an ogre
   171 | D        | Noticed Jessica
   171 | D        | Noticed an ogre
   172 | D        | Noticed a fire bat
   173 | D        | Killed Jessica
   173 | D        | Reached ****** piety under Cheibriados
   173 | D        | Killed a fire bat
   174 | D        | Reached skill level 9 in Polearms
   174 | D        | Reached skill level 5 in Invocations
   174 | D        | Reached XP level 6. HP: 55/60 MP: 4/10
   176 | D        | Reached skill level 10 in Polearms
   178 | D        | Your scales start taking on a glossy black colour.
   178 | D        | Reached XP level 7. HP: 64/69 MP: 4/11
   178 | D        | Gained mutation: You are resistant to electric shocks.
                  | (rElec) [Black Draconian growth]
   230 | D        | Noticed a two-headed ogre
   239 | D        | Killed a two-headed ogre
   240 | D        | Reached skill level 12 in Polearms
   240 | D        | Reached XP level 8. HP: 64/79 MP: 11/14
   319 | D        | Reached skill level 10 in Fighting
   556 | D        | Noticed a vampire mage
   565 | D        | Killed a vampire mage
   566 | D        | Reached skill level 13 in Polearms
   570 | D        | Killed a shadow wraith
   571 | D        | Reached skill level 14 in Polearms
   571 | D        | Reached skill level 10 in Invocations
   571 | D        | Reached XP level 9. HP: 60/89 MP: 5/16
   813 | D        | Noticed Erolcha
   818 | D        | Killed Erolcha
   819 | D        | Reached skill level 15 in Polearms
   954 | D        | Noticed a phantasmal warrior
   954 | D        | Noticed Erica
   963 | D        | HP: 4/91 [phantasmal warrior (27)]
   963 | D        | Slain by Erica

Illustrated notes

Levels and vault maps discovered:
D:        pitsprint [storerooms_1, entrance_room_1, metal_vault_8, armoury_2,
          mini_pit_1, grid_room_1, main_hall_1, silver_pit, the_coven_3,
          the_vestibule_1, steel_vault_3, golden_pit, hallway_of_sentries,
          crystal_vault_1, iron_vault_4, final_vault]

Skill      XL: |  1  2  3  4  5  6  7  8  9 |
---------------+----------------------------+-----
Fighting       | 5 7 8 9 11 12 | 12.4
Polearms       | 4 6 9 10 12 14 15 | 15.8
Dodging        | 4 |  4.4
Stealth        | 4 |  4.2
Spellcasting   | 3 |  3.3
Invocations    | 5 6 8 10 11 | 11.2

Action                   |  1- 3 |  4- 6 |  7- 9 || total
-------------------------+-------+-------+-------++-------
Melee: Spear             |     3 |       |       ||     3
       Tailslap          |     1 |     2 |     9 ||    12
       Trident           |       |    30 |    27 ||    57
       Halberd           |       |       |    27 ||    27
Invok: Slouch            |       |     1 |     3 ||     4
  Use: Potion            |       |       |     2 ||     2
 Stab: Sleeping          |       |     5 |     3 ||     8
Armor: Skin              |       |     4 |     9 ||    13
Dodge: Dodged            |       |    15 |    28 ||    43

Table legend: (Time is in decaauts)
 A = Elapsed time spent in this place.
 B = Non-inter-level travel time spent in this place.
 C = Inter-level travel time spent in this place.
 D = Time resting spent in this place.
 E = Time spent auto-exploring this place.
 F = Levels seen in this place.
 G = Mean time per level.
                   A        B        C        D        E       F      G
               +--------+--------+--------+--------+--------+-----+--------+
         Total |   1176 |   1061 |    115 |    560 |      0 |   1 | 1176.0 |
       Dungeon |   1176 |   1061 |    115 |    560 |      0 |   1 | 1176.0 |
               +--------+--------+--------+--------+--------+-----+--------+

Top non-repeatable levels by time:
       D: 1176 daAuts
